 Dungeon Crawl Stone Soup version 0.30.1-1-g62c8e00024 (webtiles) character file.

Game seed: 17980978658717958537

2909 Inchmeat the Carver (level 9, -1/87 HPs)
             Began as an Armataur Monk on July 18, 2023.
             Slain by a vampire
             ... wielding a +0 vampiric halberd
              (11 damage)
             ... in a bailey.
             The game lasted 00:08:57 (5602 turns).

Inchmeat the Carver (Armataur Monk)                 Turns: 5602, Time: 00:08:57

Health: -1/87      AC:  9    Str: 21    XL:     9   Next: 49%
Magic:  9/9        EV:  9    Int: 15    God:
Gold:   358        SH:  0    Dex: 12    Spells: 8/8 levels left

rFire   . . .        A - +5 long sword "Ox" {elec, Fly Int-2 SInv}
rCold   . . .        d - orb {light}
rNeg    . . .        a - +0 acid dragon scales
rPois   .            o - +2 helmet
rElec   .            (no cloak)
rCorr   +            (no gloves)
SInv    +            (no barding)
Will    +....        j - amulet of regeneration
Stlth   +            u - +6 ring of intelligence
HPRegen 1.14/turn    w - ring of willpower
MPRegen 0.11/turn

%: roll
@: about to teleport, flying, glowing
A: large, rugged brown scales 3, deformed body, armoured tail, roll, long
tongue, awkward tongue
a: no special abilities


You were in a bailey.
You visited 1 branch of the dungeon, and saw 7 of its levels.
You also visited: Bailey.

You collected 358 gold pieces.

Inventory:

Hand Weapons
 A - the +5 long sword "Ox" (weapon) {elec, Fly Int-2 SInv}
   (You found it on level 5 of the Dungeon)

   Int:       It affects your intelligence (-2).
   SInv:      It lets you see invisible.
   Fly:       It grants you flight.
Armour
 a - +0 acid dragon scales (worn)
 b - a +0 cloak of willpower
 d - an orb of light (worn)
 o - a +2 helmet (worn)
 v - a +0 ring mail of fire resistance
Jewellery
 j - an amulet of regeneration (around neck)
 u - a +6 ring of intelligence (left hand)
 w - a ring of willpower (right hand)
 C - a ring of ice
Wands
 t - a wand of flame (16)
 x - a wand of roots (4)
 B - a wand of paralysis (18)
Scrolls
 e - 3 scrolls of identify {unknown}
 i - 3 scrolls of noise {unknown}
 k - 4 scrolls of teleportation
 m - 2 scrolls of enchant weapon
 p - a scroll of poison {unknown}
 q - 3 scrolls of blinking {unknown}
 r - 2 scrolls of vulnerability {unknown}
 y - 2 scrolls of magic mapping {unknown}
 z - 2 scrolls of enchant armour {unknown}
 D - 2 scrolls of fog {unknown}
 E - a scroll of butterflies {unknown}
 F - a scroll of amnesia {unknown}
Potions
 f - 2 potions of degeneration {unknown}
 g - a potion of haste {unknown}
 h - 3 potions of heal wounds {unknown}
 l - a potion of attraction {unknown}
 n - a potion of berserk rage {unknown}
 s - 3 potions of curing {unknown}
 G - a potion of invisibility {unknown}
 H - 2 potions of brilliance {unknown}


   Skills:
 - Level 8.4 Fighting
 * Level 9.1 Long Blades
 - Level 2.6 Maces & Flails
 - Level 2.1 Dodging


You had 8 spell levels left.
You didn't know any spells.
Your spell library contained the following spells:

 Spells                   Type           Power      Damage    Failure   Level
 Apportation              Tloc           0%         N/A       34%         1
 Necrotise                Necr           0%         1d4       34%         1
 Summon Small Mammal      Summ           0%         N/A       34%         1
 Inner Flame              Hex/Fire       0%         N/A       71%         3
 Yara's Violent Unravell  Hex/Tmut       0%         3d3       100%        5
 Enfeeble                 Hex            0%         N/A       100%        7


Dungeon Overview and Level Annotations

Branches:
Dungeon (7/15)             Temple (0/1) D:6          Bailey (1/1)

Altars:
Makhleb
Sif Muna
Trog
Vehumet
Xom
Zin


Innate Abilities, Weirdness & Mutations

You are completely covered in rugged brown scales. (AC +3, +7% HP)
Armour fits poorly on your strangely shaped body.
You have a long armoured tail.
You roll when moving toward enemies. (Rampage)
Your long tongue fully drains potion bottles. (2x potion effects)
Your tongue gives you trouble enunciating. (1.5x scroll delay)


Message History

The vampire misses you. The vampire bites you!
The vampire draws strength from your injuries!
You completely miss the vampire.
The vampire is moderately damaged.
The vampire points at you and mumbles some strange words.
You resist with almost no effort.
You hit the vampire but do no damage. You tail-slap the vampire.
The vampire is heavily damaged.
The vampire hits you with a +0 vampiric halberd!
The vampire draws strength from your wounds!
The vampire closely misses you.
Unknown command.
Okay, then.
You completely miss the vampire.
The vampire is lightly damaged.
The vampire hits you with a +0 vampiric halberd.
The vampire misses you.
You hit the vampire but do no damage.
You tail-slap the vampire, but do no damage.
The vampire is lightly damaged.
The vampire hits you with a +0 vampiric halberd.
The vampire draws strength from your wounds!
The vampire bites you!
* * * LOW HITPOINT WARNING * * *
The vampire draws strength from your injuries!
Okay, then.
Okay, then.
The vampire hits you from afar with a +0 vampiric halberd.
* * * LOW HITPOINT WARNING * * *
Okay, then.
As you slowly read the scroll labelled DOISCH SAISS, it crumbles to dust.
It is a scroll of enchant weapon.
You aren't carrying any weapons that can be enchanted.
The vampire completely misses you.
The vampire hits you from afar with a +0 vampiric halberd!
* * * LOW HITPOINT WARNING * * *
As you slowly read the scroll labelled LOJ LADOARR, it crumbles to dust.
You feel strangely unstable.
It was a scroll of teleportation.
The vampire hits you from afar with a +0 vampiric halberd!
You die...

#..)#....#########
#.....))).......8#
#......#)........#
#.....##...##''###
#######...##....##
#8.......##......#
#8......8#...##...#
##########..## #..#
#.@## ..#
#8..##..8#
##[!V.!!## ##8!|.##
######


You could see a vampire (invisible).

Vanquished Creatures
  Maggie (D:6)
  A gargoyle (Bailey)
  Grinder (D:4)
  Sigmund (D:5)
  Menkaure (D:5)
  4 black bears
  An orc warrior (D:6)
  3 ogres
  2 phantoms (D:4)
  A bullfrog (D:6)
  A scorpion (D:6)
  3 howler monkeys
  7 wolf zombies (Bailey)
  2 jellies
  A gnoll bouda (D:6)
  2 hounds
  An iguana (D:4)
  Terence (D:2)
  An orc wizard (D:6)
  Robin (D:3)
  7 gnolls
  6 adders
  A white imp (D:6)
  2 worms (D:2)
  A dart slug (D:4)
  14 orcs
  4 bats
  6 endoplasms
  5 giant cockroaches
  20 goblins
  11 hobgoblins
  10 kobolds
  3 quokkas
  5 ball pythons
  4 frilled lizards
  17 orc zombies (Bailey)
  7 rats
159 creatures vanquished.

Notes
Turn   | Place    | Note
-------+----------+-------------------------------------------
     0 | D:1      | Inchmeat the Armataur Monk began the quest for the Orb.
     0 | D:1      | Reached XP level 1. HP: 19/19 MP: 1/1
   103 | D:1      | Reached XP level 2. HP: 19/27 MP: 2/2
   600 | D:1      | Reached XP level 3. HP: 35/35 MP: 3/3
  1025 | D:2      | Noticed Terence
  1031 | D:2      | Killed Terence
  1160 | D:2      | Reached XP level 4. HP: 43/43 MP: 4/4
  1548 | D:3      | Noticed Robin
  1578 | D:3      | Killed Robin
  1579 | D:3      | Reached skill level 5 in Fighting
  1862 | D:3      | Found a radiant altar of Vehumet.
  1994 | D:3      | Reached XP level 5. HP: 51/51 MP: 5/5
  2120 | D:3      | Found a shimmering altar of Xom.
  2488 | D:4      | Identified the +3 ring mail of Zin's Esteem {Regen+ Int+2}
  2526 | D:4      | Noticed Grinder
  2536 | D:4      | Killed Grinder
  2537 | D:4      | Reached XP level 6. HP: 47/62 MP: 6/6
  3316 | D:4      | Reached XP level 7. HP: 70/70 MP: 7/7
  3381 | D:5      | Entered Level 5 of the Dungeon
  3407 | D:5      | Identified the +5 long sword "Ox" {elec, Fly Int-2 SInv}
  3409 | D:5      | Noticed Sigmund
  3426 | D:5      | Killed Sigmund
  3488 | D:5      | Reached skill level 1 in Long Blades
  3501 | D:5      | Reached skill level 2 in Long Blades
  3689 | D:5      | Noticed Menkaure
  3695 | D:5      | Killed Menkaure
  3696 | D:5      | Reached skill level 3 in Long Blades
  3696 | D:5      | Reached XP level 8. HP: 73/80 MP: 8/8
  3965 | D:5      | Found a glowing silver altar of Zin.
  3978 | D:5      | Found a shimmering blue altar of Sif Muna.
  4179 | D:6      | Reached skill level 4 in Long Blades
  4207 | D:6      | Found a bloodstained altar of Trog.
  4213 | D:6      | Reached skill level 5 in Long Blades
  4509 | D:6      | Reached skill level 6 in Long Blades
  4644 | D:6      | Found a staircase to the Ecumenical Temple.
  4702 | D:6      | Found a burning altar of Makhleb.
  5285 | D:7      | Noticed Maggie
  5294 | D:6      | Reached skill level 7 in Long Blades
  5294 | D:6      | Reached XP level 9. HP: 75/87 MP: 9/9
  5322 | D:6      | Killed Maggie
  5351 | D:7      | Found a flagged portal.
  5367 | Bailey   | Entered a bailey
  5403 | Bailey   | Reached skill level 8 in Long Blades
  5523 | Bailey   | Noticed a gargoyle
  5529 | Bailey   | Killed a gargoyle
  5530 | Bailey   | Reached skill level 9 in Long Blades
  5602 | Bailey   | Slain by a vampire

Illustrated notes

Levels and vault maps discovered:
D:1:      scummos_arrival_simple_fountains, layout_basic, minmay_pentomino_s4
D:2:      layout_loops_ring, minivault_24, grunt_decor_clamped, uniq_terence
D:3:      layout_basic, nicolae_vehumet_altar_sigil,
          mainiacjoe_overflow_alcove_2, uniq_robin
D:4:      layout_basic, uniq_grinder
D:5:      layout_basic, mainiacjoe_overflow_paths,
          mainiacjoe_overflow_tiny_flanked, uniq_sigmund, uniq_menkaure
D:6:      layout_basic, trog_ov_bears_minmay,
          mainiacjoe_overflow_concentric_impassable,
          minmay_temple_entry_junction, corexii_leaking_fountain
D:7:      layout_basic, okawaru_humans, serial_curves, eino_curves_03,
          eino_curves_01, eino_curves_04, lightli_bailey_entry_fortress,
          uniq_maggie
Bailey:   bailey_polearm_vampire_castle_hellmonk, bailey

Skill      XL: |  1  2  3  4  5  6  7  8  9 |
---------------+----------------------------+-----
Fighting       | 3 4 5 6 7 8 |  8.4
Long Blades    | 3 7 9 |  9.1
Maces & Flails | |  2.6
Dodging        | |  2.1

Action                     |  1- 3 |  4- 6 |  7- 9 || total
---------------------------+-------+-------+-------++-------
  Melee: Mace              |    70 |   152 |    20 ||   242
         Tailslap          |    12 |    24 |    35 ||    71
         Long sword        |       |       |   174 ||   174
    Use: Scroll            |       |       |     2 ||     2
         Potion            |       |       |     2 ||     2
 Armour: Robe              |    25 |    33 |       ||    58
         Ring mail         |       |    28 |    53 ||    81
         Acid dragon scale |       |       |    27 ||    27
  Dodge: Dodged            |    42 |    73 |   105 ||   220
